Map: Mech Depot LE

Players

ZhuGeLiang

  • Race: Zerg Zerg
  • Spawn Location: 7:00

AdminC (Bioice) - Winner!

  • Race: Zerg Zerg
  • Spawn Location: 1:00

Event: WCS Montreal 2017

VOD

Have the link to the VOD?

Description

Time

  • Played on: Sept. 8, 2017, 3:35 p.m.
  • Length: 7:36

All games in this series

Show
View Real Time Build Order
Export as new Build Order

ZhuGeLiang Zerg 

Build Orders: 1 Base Baneling Bust, Pool First, Zergling Baneling 

Get SALT Encoding   

  12  0:01  Drone  
  13  0:14  Extractor  
  12  0:24  Spawning Pool  
  12  0:28  Drone  
  12  0:33  Drone  
  13  0:37  Drone  
  14  0:49  Overlord  
  14  1:11  Queen  
  14  1:12  Zergling x2  
  14  1:17  Metabolic Boost  
  17  1:22  Zergling x2  
  18  1:26  Zergling x2  
  18  1:31  Zergling x2  
  20  1:37  Zergling x2  
  21  1:44  Baneling Nest  
  20  1:49  Zergling x2  
  21  1:56  Zergling x2  
  22  2:05  Overlord  
  22  2:24  Zergling x2  
  22  2:25  Zergling x6  
  26  2:36  Zergling x2  
  27  2:49  Zergling x2  
  27  2:59  Zergling x4  
  27  3:00  Zergling x2  
  27  3:01  Baneling x2  
  30  3:10  Overlord  
  26  3:21  Zergling x2  
  26  3:27  Zergling x2  
  26  3:28  Baneling x3  
  25  3:35  Baneling  
  25  3:36  Baneling x4  
  25  3:37  Zergling x2  
  26  3:42  Zergling x4  
  25  4:03  Zergling x6  
  25  4:07  Baneling  
  27  4:11  Zergling x6  
  30  4:20  Baneling  
  29  4:27  Drone x2  
  30  4:33  Evolution Chamber  
  29  4:51  Drone  
  29  4:52  Drone  
  31  5:02  Hatchery  
  30  5:08  Drone  
  31  5:14  Drone  
  32  5:29  Zerg Melee Weapons Level 1  
  30  5:40  Drone x5  
  32  5:51  Overlord  
  32  5:52  Zergling x2  
  29  6:20  Zergling x4  
  31  6:27  Zergling x4  
  31  6:30  Baneling x2  
  29  6:35  Zergling x2  
  29  6:36  Zergling x2  
  27  6:41  Zergling x2  
  26  6:51  Zergling x2  
  23  6:56  Baneling x2  
  19  7:12  Zergling x4  
  21  7:18  Zergling x2  
Show
View Real Time Build Order
Export as new Build Order

AdminC Zerg - Winner!

Build Orders: Hatch First 

Get SALT Encoding   

  12  0:00  Drone  
  13  0:13  Overlord  
  13  0:18  Drone  
  14  0:31  Drone x2  
  16  0:49  Hatchery  
  15  0:52  Drone  
  15  0:56  Drone  
  17  1:00  Drone  
  18  1:06  Extractor  
  17  1:16  Spawning Pool  
  16  1:19  Drone  
  16  1:22  Drone  
  18  1:29  Drone  
  19  1:42  Overlord  
  19  1:53  Drone  
  20  2:03  Queen  
  20  2:04  Queen, Zergling x2  
  20  2:05  Zergling x2  
  26  2:09  Metabolic Boost  
  26  2:14  Drone  
  27  2:15  Drone  
  28  2:31  Baneling Nest  
  28  2:36  Drone x3  
  30  2:39  Zergling x2  
  30  2:43  Spine Crawler  
  27  2:54  Zergling x2  
  27  2:55  Zergling x4  
  27  2:56  Zergling x2  
  29  3:10  Zergling x2  
  29  3:11  Zergling x2  
  30  3:17  Baneling  
  30  3:19  Zergling x2  
  29  3:22  Baneling x3  
  29  3:23  Zergling x2  
  30  3:28  Queen  
  31  3:35  Queen  
  33  3:52  Zergling x2  
  34  3:59  Zergling x4  
  34  4:01  Zergling x2  
  36  4:07  Zergling x4  
  36  4:09  Zergling x2  
  35  4:21  Baneling x3  
  35  4:24  Overlord x2  
  35  4:28  Overlord  
  35  4:29  Overlord  
  35  4:42  Drone x2  
  35  4:43  Drone x3  
  37  4:47  Drone  
  37  4:50  Drone  
  39  4:53  Drone  
  39  4:57  Zergling x2  
  41  5:00  Drone  
  41  5:03  Drone  
  43  5:13  Drone x4  
  47  5:18  Drone x2  
  49  5:24  Baneling x5  
  49  5:32  Zergling x2  
  50  5:38  Zergling x8  
  50  5:39  Zergling x4  
  50  5:42  Extractor  
  54  5:49  Roach Warren  
  53  5:51  Zergling x4  
  54  6:13  Overlord x3  
  54  6:18  Baneling x4  
  52  6:19  Baneling x4  
  52  6:22  Overlord x2  
  50  6:36  Roach x6  
  61  6:43  Roach x2  
  63  6:53  Roach  
  63  6:54  Roach  
  64  6:57  Roach  
  64  6:59  Overlord x3  
  64  7:06  Roach x2  
  68  7:12  Roach  
  70  7:16  Roach  
Tags
 
Add a new tag
Caveats
  • Supply blocks, unpowered buildings, or Contaminate may cause inaccurate times.
  • Supply counts are checked every 10 seconds.